 Dungeon Crawl Stone Soup version 0.31-a0-358-gac0dbeb3ab (webtiles) character file.

Game seed: 7871543038618028755

754 zero the Grappler (level 7, 0/63 HPs)
             Began as a Troll Shapeshifter on July 25, 2023.
             Slain by a killer bee (8 damage)
             ... on level 5 of the Dungeon.
             The game lasted 00:03:19 (3612 turns).

zero the Grappler (Troll Shapeshifter)              Turns: 3612, Time: 00:03:19

Health: 0/63       AC:  4    Str: 24    XL:     7   Next: 49%
Magic:  6/6        EV:  6    Int:  4    God:
Gold:   228        SH: 10    Dex: 12    Spells: 6/6 levels left

rFire   . .          .
                       - Unarmed
rCold   . . .        o - +0 tower shield
rNeg    . . .        a - +0 animal skin
rPois   .            (helmet currently unavailable)
rElec   .            v - melded scarf {harm}
rCorr   .            (gloves unavailable)
SInv    .            (boots unavailable)
Will    .....        (no amulet)
Stlth   +            i - ring of flight
HPRegen 1.10/turn    (no ring)
MPRegen 0.10/turn

%: no passive effects
@: lethally poisoned (0 -> -3), beast-form, flying
A: beast (slay +2), large, unfitting armour, claws 3, regeneration 1, shaggy fur
1, tough skin 1
a: Begin Untransformation


You were on level 5 of the Dungeon.
You were a hulking beast.
You visited 1 branch of the dungeon, and saw 6 of its levels.

You collected 228 gold pieces.

Inventory:

Missiles
 e - 10 poisoned darts
 x - 4 javelins
Armour
 a - a +0 animal skin (worn)
 o - a +0 tower shield (worn)
 v - a scarf of harm (melded)
Jewellery
 i - a ring of flight (left claw)
 q - a ring of fire
Talismans
 c - a beast talisman
Wands
 w - a wand of iceblast (3)
 y - a wand of paralysis (6)
Scrolls
 g - a scroll of enchant armour {unknown}
 h - 2 scrolls of immolation {unknown}
 k - a scroll of revelation {unknown}
 l - 2 scrolls of noise {unknown}
 m - a scroll of brand weapon {unknown}
 p - 2 scrolls of identify {unknown}
 r - 2 scrolls of teleportation {unknown}
 t - a scroll of fear {unknown}
 z - a scroll of poison {unknown}
Potions
 b - a potion of lignification
 d - a potion of ambrosia {unknown}
 f - 4 potions of curing {unknown}
 j - a potion of might {unknown}
 n - a potion of invisibility {unknown}
 s - a potion of enlightenment {unknown}
 u - a potion of brilliance {unknown}


   Skills:
 * Level 1.8 Fighting
 - Level 1.5 Dodging
 + Level 8.6 Unarmed Combat
 - Level 3.0 Shapeshifting


You had 6 spell levels left.
You didn't know any spells.
Your spell library contained the following spells:

 Spells                   Type           Power      Damage    Failure   Level
 Stone Arrow              Conj/Erth      0%         3d7       100%        3
 Animate Armour           Summ/Erth      0%         N/A       100%        4
 Lehudib's Crystal Spear  Conj/Erth      0%         10d2      100%        8


Dungeon Overview and Level Annotations

Branches:
Dungeon (6/15)
 Temple: D:4-7

Altars:
Dithmenos
Gozag

Annotations:
D:3 3 runed translucent doors, DEFE's ghost, amateur DESh; Vorhees's ghost, amateur MfSh
D:4 exclusion: downstairs


Innate Abilities, Weirdness & Mutations

You are a hulking beast.
Your limbs bulge with bestial killing power. (Slay +2)
You are too large for most types of armour.
You have claws for hands.
Your natural rate of healing is unusually fast.
You are covered in fur. (AC +1)
You have tough skin. (AC +1)


Message History

You block the killer bee's attack.
The water moccasin attacks as you move away!
The water moccasin bites you!
You are more poisoned.
The water moccasin poisons you!
You feel very sick. The killer bee stings you.
You are more poisoned.
The killer bee poisons you! You block the water moccasin's attack.
You feel very sick. The killer bee stings you!
The water moccasin attacks as you move away!
The water moccasin barely misses you.
The killer bee attacks as you move away!
You block the killer bee's attack.
You feel very sick. You block the killer bee's attack.
The killer bee attacks as you move away!
You block the killer bee's attack.
You feel very sick.
The killer bee stings you but does no damage.
You scratch the killer bee.
The killer bee is moderately wounded.
You feel very sick. The killer bee stings you.
* * * LOW HITPOINT WARNING * * *
You are more poisoned.
The killer bee poisons you! You block the killer bee's attack.
You closely miss the killer bee.
The killer bee is moderately wounded.
You feel very sick. The killer bee stings you.
* * * LOW HITPOINT WARNING * * *
You block the killer bee's attack.
You scratch the killer bee.
The killer bee is severely wounded.
You feel very sick. The killer bee barely misses you.
You block the killer bee's attack. The killer bee stings you!
You die...

######.###....# #####.#
........#..<..# #.....##
...#..........# ####.....(.
..>........######.##o.#..##
......#...o........##<....##..#. #
..............#l...........##..#. .
.............##S####.....####....
.##......#..... #y# #..........oo.
..#...# ###### #h####......#####.o
#.....# #####.##.....####.###..
....#.## ##.........[.......##...
....#..#####....#####..............
#.#.....##.#.##.#####..............
#.#..........##...##...............
..##.##.#######).####.....#........
..####....######[###.<....#........
...#.......##...>..#...............


You could see a water moccasin, an iguana and a killer bee.

Vanquished Creatures
  2 ogres (D:5)
  2 scorpions (D:5)
  A hound (D:4)
  4 orc priests
  2 iguanas
  3 orc wizards
  4 gnolls (D:5)
  5 adders
  A white imp (D:5)
  A worm (D:3)
  3 dart slugs
  12 orcs
  12 ball pythons
  12 endoplasms
  3 giant cockroaches
  6 goblins
  10 hobgoblins
  4 kobolds
  2 quokkas (D:4)
  5 bats
  A frilled lizard (D:2)
  2 rats
97 creatures vanquished.

Notes
Turn   | Place    | Note
-------+----------+-------------------------------------------
     0 | D:1      | zero the Troll Shapeshifter began the quest for the Orb.
     0 | D:1      | Reached XP level 1. HP: 18/18 MP: 0/0
   137 | D:1      | Reached XP level 2. HP: 26/26 MP: 1/1
   449 | D:1      | Reached skill level 4 in Unarmed Combat
   805 | D:1      | Reached XP level 3. HP: 32/32 MP: 2/2
  1043 | D:2      | Found an opulent altar of Gozag.
  1456 | D:3      | Found a shadowy altar of Dithmenos.
  1504 | D:3      | Reached XP level 4. HP: 40/40 MP: 3/3
  1590 | D:3      | Reached skill level 5 in Unarmed Combat
  1766 | D:3      | Found a runed translucent gate.
  1766 | D:3      | Found a runed translucent gate.
  1766 | D:3      | Found a runed translucent gate.
  1766 | D:3      | Noticed DEFE's ghost (amateur DESh)
  1767 | D:3      | Noticed Vorhees's ghost (amateur MfSh)
  1802 | D:3      | Reached XP level 5. HP: 45/46 MP: 4/4
  2018 | D:4      | Reached skill level 6 in Unarmed Combat
  2611 | D:5      | Entered Level 5 of the Dungeon
  2657 | D:5      | Noticed an ogre
  2666 | D:5      | Killed an ogre
  2667 | D:5      | Reached skill level 7 in Unarmed Combat
  2667 | D:5      | Reached XP level 6. HP: 19/54 MP: 5/5
  3122 | D:5      | Reached skill level 8 in Unarmed Combat
  3125 | D:5      | Reached XP level 7. HP: 61/61 MP: 6/6
  3454 | D:5      | Reached skill level 1 in Fighting
  3612 | D:5      | Slain by a killer bee

Illustrated notes

Levels and vault maps discovered:
D:1:      heliophobic_arrival_henge, layout_basic
D:2:      layout_basic, basic_altar, kennysheep_boxes
D:3:      layout_rooms, overflow_temple_1_default, gammafunk_ghost_cemetery,
          minmay_misc_feat_nine_boxes
D:4:      layout_basic, item_on_display_a
D:5:      layout_cave_pools, minmay_manual_monolith
D:6:      layout_gridville, minmay_temple_entry_mini_moons

Skill      XL: |  1  2  3  4  5  6  7 |
---------------+----------------------+-----
Unarmed Combat | 4 5 7 8 |  8.6
Fighting       | 1 |  1.8
Dodging        | |  1.5
Shapeshifting  | |  3.0

Action                     |  1- 3 |  4- 6 |  7- 9 || total
---------------------------+-------+-------+-------++-------
  Melee: Unarmed           |    80 |   102 |    42 ||   224
         Punch             |     1 |     1 |       ||     2
  Evoke: Wand              |       |     1 |       ||     1
   Stab: Sleeping          |       |     1 |       ||     1
 Armour: Animal skin       |    23 |    33 |    11 ||    67
  Dodge: Dodged            |    36 |    38 |    15 ||    89
  Block: Tower shield      |       |     8 |    33 ||    41
         Form:             |       |     1 |       ||     1
         Beast             |       |     1 |       ||     1

Table legend: (Time is in decaauts)
 A = Elapsed time spent in this place.
 B = Non-inter-level travel time spent in this place.
 C = Inter-level travel time spent in this place.
 D = Time resting spent in this place.
 E = Time spent auto-exploring this place.
 F = Levels seen in this place.
 G = Mean time per level.
                   A        B        C        D        E       F      G
               +--------+--------+--------+--------+--------+-----+--------+
         Total |   3610 |   3466 |    144 |    404 |   2419 |   6 |  601.7 |
       Dungeon |   3610 |   3466 |    144 |    404 |   2419 |   6 |  601.7 |
               +--------+--------+--------+--------+--------+-----+--------+

Top non-repeatable levels by time:
     D:5: 907 daAuts
     D:1: 846 daAuts
     D:4: 697 daAuts
     D:2: 603 daAuts
     D:3: 554 daAuts
     D:6: 1 daAuts
